 Dungeon Crawl Stone Soup version 0.23-a0-49-gd9f7a49668 (webtiles) character file.

35 RedPan the Shield-Bearer (level 3, 0/19 HPs)
             Began as a Vine Stalker Fighter on Aug 6, 2018.
             Succumbed to a worker ant's poison
             ... on level 2 of the Dungeon.
             The game lasted 00:01:19 (866 turns).

RedPan the Shield-Bearer (Vine Stalker Fighter)      Turns: 866, Time: 00:01:20

Health: 0/19       AC:  6    Str: 19    XL:     3   Next: 35%
Magic:  2/4        EV:  7    Int:  8    God:
Gold:   45         SH:  9    Dex: 13    Spells: 2/2 levels left

rFire    . . .     SeeInvis .   a - +0 trident
rCold    . . .     Gourm    .   c - +0 shield
rNeg     . . .     Faith    .   b - +0 scale mail
rPois    .         Spirit   +   (no helmet)
rElec    .         Reflect  .   (no cloak)
rCorr    .         Harm     .   (no gloves)
MR       .....                  (no boots)
Stlth    ..........             (no amulet)
HPRegen  0.06/turn              (no ring)
MPRegen  0.09/turn              (no ring)

@: lethally poisoned (0 -> -5)
A: fangs 2, magic shield, antimagic bite, no potion heal 3, rot immunity
a: no special abilities


You were on level 2 of the Dungeon.
You were not hungry.

You visited 1 branch of the dungeon, and saw 2 of its levels.

You collected 45 gold pieces.

Inventory:

Hand Weapons
 a - a +0 trident (weapon)
Armour
 b - a +0 scale mail (worn)
 c - a +0 shield (worn)
Scrolls
 i - a scroll of identify
Potions
 d - a potion of might
 e - a potion of resistance
Comestibles
 f - a ration


   Skills:
 - Level 2.6 Fighting
 * Level 2.6 Polearms
 + Level 2.7 Armour
 + Level 3.0 Shields


You had 2 spell levels left.
You didn't know any spells.
Your spell library was empty.

Dungeon Overview and Level Annotations

Branches:
Dungeon (2/15)

Altars:


Innate Abilities, Weirdness & Mutations

You have extremely sharp teeth.
When hurt, damage is shared between your health and your magic reserves.
Your bite disrupts and absorbs the magic of your enemies.
Potions cannot restore your health.
You are immune to rotting.


Message History

You block the worker ant's attack. The worker ant closely misses you.
You hit the worker ant. You bite the worker ant. You drain its power.
You feel invigorated.
The worker ant is severely wounded.
You feel sick. The worker ant bites you.
* * * LOW HITPOINT WARNING * * *
You closely miss the worker ant.
The worker ant is severely wounded.
You block the worker ant's attack. The worker ant bites you.
* * * LOW HITPOINT WARNING * * *
You puncture the worker ant!
You kill the worker ant!
Your Shields skill increases to level 3!
You have reached level 3!
Your experience leads to an increase in your attributes!
Increase (S)trength, (I)ntelligence, or (D)exterity?
You feel stronger.
You puncture the frilled lizard!
You kill the frilled lizard!
You die...

.......# ....... .....#
..... .. ...####...
......... #.......#
####.##.#..#...
#..@...........
#.##.##.#..#... #.##.# #
.#..# #.##.# .... #.##.#
#..# #.##.# #..#####.
.#####.##.#######.<......
....................#####.
#.########.#######..#


There were no monsters in sight!

Vanquished Creatures
  A worker ant (D:2)
  A giant cockroach (D:1)
  3 goblins (D:1)
  A hobgoblin (D:1)
  2 kobolds (D:1)
  A frilled lizard (D:2)
  A rat (D:1)
10 creatures vanquished.

Notes
Turn   | Place    | Note
-------+----------+-------------------------------------------
     0 | D:1      | RedPan the Vine Stalker Fighter began the quest for the Orb.
     0 | D:1      | Reached XP level 1. HP: 11/11 MP: 2/2
   290 | D:1      | Reached XP level 2. HP: 16/16 MP: 3/3
   864 | D:2      | Reached skill level 3 in Shields
   864 | D:2      | Reached XP level 3. HP: 1/19 MP: 2/4
   866 | D:2      | Succumbed to a worker ant's poison

Vault maps used:
D:1:      dpeg_arrival_stone_temple_mockup
D:2:      uniq_terence

Skill      XL: |  1  2 |
---------------+-------+-----
Polearms       | 2 |  2.6
Shields        | 3 |  3.0
Fighting       | |  2.6
Armour         | |  2.7

Action                   || total
-------------------------++-------
Melee: Trident           ||    29
       Bite              ||     7
  Use: Scroll            ||     2
Armor: Scale mail        ||     7
Dodge: Dodged            ||     3
Block: Shield            ||    13

Table legend:
 A = Spawn XP
 B = Non-spawn XP
 C = Spawn XP percentage of total XP
 D = Spawn monster count
 E = Non-spawn monster count
 F = Spawn count percentage of total count
 G = Total turns spent on level
                    A         B        C        D         E        F      G
               +---------+---------+-------+---------+---------+-------+---------
         Total |       0 |      51 |   0.0 |       0 |      10 |   0.0 |   866
               +---------+---------+-------+---------+---------+-------+---------
           D:1 |       0 |      14 |   0.0 |       0 |       8 |   0.0 |   829
           D:2 |       0 |      37 |   0.0 |       0 |       2 |   0.0 |    37
               +---------+---------+-------+---------+---------+-------+---------
